AoeStats
← Bzm_Cordobez

Arena

510343804Analyzed
3v3 RM · 1d ago on Sep 30, 2026· 117m 50s· 6 players
Game mode
Random Map
Map size
Normal (6 player)
Population
200
Speed
Normal
Resources
Standard
Victory
Conquest
Starting age
Dark Age
Ending age
Imperial Age
RankedLock teamsTeams togetherTeam positionsShared explorationLock speedFull tech treeHidden civsTurbo modeCheats
Victory
Defeat
🇩🇪 Danes · Germany
1609
+18
🇩🇪 Bengalis · Germany
1521
+22
🇩🇪 Vietnamese · Germany
1436
+24
🇹🇷 Khmer · Türkiye
1671
-22
🇹🇷 Persians · Türkiye
1643
-21
🇹🇷 Teutons · Türkiye
1628
-21
Bzm_Cordobez
5:26 Loom
8:30 Feudal Age
10:23 Fletching
16:54 Double-Bit Axe
16:50 Horse Collar
26:52 Castle Age
25:14 Gold Mining
28:25 Bow Saw
29:16 Heavy Plow
32:04 Wheelbarrow
32:09 Heavy Plow
38:34 Imperial Age
37:05 Stone Mining
37:51 Hand Cart
37:21 Town Watch
38:15 Masonry
39:21 Siege Engineers
40:32 Chemistry
40:23 Heavy Scorpion
44:09 Ballistics
43:55 Siege Engineers
45:37 Guilds
45:59 Coinage
47:05 Two-Man Saw
46:36 Crop Rotation
47:16 Forging
47:07 Scale Mail Armor
47:52 Squires
47:12 Pikeman
48:32 Banking
48:56 Chain Mail Armor
49:17 Iron Casting
48:30 Arson
50:18 Plate Mail Armor
49:09 Halberdier
52:08 Blast Furnace
61:29 Man-at-Arms
62:16 Caravan
65:31 Gambesons
65:07 Long Swordsman
67:06 Two-Handed Swordsman
70:15 Champion
88:59 Capped Ram
98:43 Ironclad
103:05 Conscription
114:13 Onager
WarPrince
9:39 Feudal Age
13:07 Castle Age
11:33 Double-Bit Axe
11:55 Horse Collar
15:00 Bow Saw
16:08 Loom
20:29 Wheelbarrow
22:42 Hand Cart
25:43 Imperial Age
23:50 Scale Barding Armor
23:36 Gold Mining
25:04 Chain Barding Armor
24:55 Forging
24:35 Town Watch
25:39 Bloodlines
25:37 Husbandry
25:27 Cavalier
26:57 Plate Barding Armor
27:09 Savar
29:16 Iron Casting
31:26 Blast Furnace
32:43 Stone Mining
33:29 Gold Shaft Mining
33:49 Guilds
36:01 Stone Shaft Mining
36:32 Conscription
36:49 Hoardings
37:52 Kamandaran
39:08 Citadels
38:49 Fletching
40:01 Chemistry
39:13 Masonry
39:34 Bodkin Arrow
39:39 Padded Archer Armor
40:20 Ballistics
41:05 Murder Holes
41:17 Caravan
43:00 Light Cavalry
44:47 Hussar
57:49 Leather Archer Armor
58:05 Architecture
62:31 Ring Archer Armor
61:31 Crossbowman
62:17 Thumb Ring
70:48 Coinage
73:34 Banking
78:35 Capped Ram
81:22 Siege Ram
Bzm_Kuvâ-yi Milliye
9:16 Feudal Age
12:53 Castle Age
11:53 Double-Bit Axe
11:48 Horse Collar
13:46 Bow Saw
15:06 Heavy Plow
19:32 Wheelbarrow
21:04 Hand Cart
22:38 Gold Mining
23:55 Gold Shaft Mining
27:07 Imperial Age
24:28 Town Watch
24:51 Loom
25:07 Stone Mining
26:53 Stone Shaft Mining
27:52 Bloodlines
27:42 Husbandry
28:56 Crop Rotation
27:47 Light Cavalry
29:14 Conscription
28:54 Double Crossbow
30:14 Ballistics
30:54 Chemistry
30:05 Siege Engineers
31:51 Parthian Tactics
32:37 Hoardings
31:46 Elite Ballista Elephant
34:54 Murder Holes
35:15 Hussar
36:01 Scale Barding Armor
36:29 Forging
38:06 Chain Barding Armor
38:21 Iron Casting
38:17 Masonry
38:52 Coinage
39:30 Plate Barding Armor
41:52 Blast Furnace
45:24 Banking
44:54 Caravan
45:45 Elite Battle Elephant
46:27 Tusk Swords
47:00 Architecture
47:06 Hoardings
46:42 Fortified Wall
48:08 Fletching
48:18 Padded Archer Armor
54:40 Scale Mail Armor
55:50 Man-at-Arms
56:45 Chain Mail Armor
56:44 Long Swordsman
57:11 Arson
56:47 Pikeman
57:24 Two-Handed Swordsman
58:03 Capped Ram
58:49 Halberdier
59:08 Siege Ram
88:24 Bodkin Arrow
96:01 Onager
96:19 Heavy Scorpion
97:29 Onager
98:21 Heavy Scorpion
109:56 Bracer
Öl1ng
10:07 Feudal Age
12:00 Double-Bit Axe
11:55 Horse Collar
14:33 Castle Age
15:54 Bow Saw
18:36 Heavy Plow
19:43 Gold Mining
20:39 Wheelbarrow
21:29 Town Watch
21:30 Loom
23:47 Gold Shaft Mining
23:06 Stone Mining
27:23 Imperial Age
26:08 Fletching
26:40 Ballistics
26:58 Squires
26:44 Arson
26:19 Pikeman
26:57 Bodkin Arrow
27:06 Scale Mail Armor
28:17 Hand Cart
28:33 Bracer
28:48 Chain Mail Armor
27:59 Elite Elephant Archer
28:43 Halberdier
29:11 Elite Skirmisher
30:13 Forging
31:45 Iron Casting
31:11 Padded Archer Armor
32:16 Chemistry
34:02 Blast Furnace
34:12 Leather Archer Armor
36:09 Conscription
35:55 Paiks
36:12 Mahayana
36:42 Ring Archer Armor
41:30 Crop Rotation
42:02 Two-Man Saw
41:24 Siege Engineers
43:28 Onager
45:58 Bloodlines
45:48 Husbandry
49:40 Masonry
55:07 Fortified Wall
55:28 Architecture
56:02 Caravan
56:12 Guilds
56:55 Coinage
56:31 Siege Elephant
60:33 Banking
105er.G0ldenFir3
7:44 Loom
10:21 Feudal Age
14:33 Castle Age
15:09 Double-Bit Axe
24:48 Horse Collar
26:22 Bow Saw
26:18 Heavy Plow
27:26 Stone Mining
28:36 Wheelbarrow
28:12 Town Watch
30:09 Hand Cart
32:09 Gold Mining
34:57 Imperial Age
32:55 Scale Mail Armor
33:56 Chain Mail Armor
33:32 Hamask
33:55 Pikeman
34:35 Squires
35:43 Siege Engineers
35:11 Halberdier
37:17 Plate Mail Armor
37:35 Conscription
37:12 Arson
38:05 Forging
38:43 Northmen's Fury
41:29 Gold Shaft Mining
41:29 Stone Shaft Mining
41:14 Masonry
42:05 Chemistry
41:25 Ballistics
42:10 Iron Casting
41:01 Onager
43:08 Fletching
44:18 Blast Furnace
43:34 Siege Onager
47:17 Bodkin Arrow
47:59 Caravan
53:02 Murder Holes
53:08 Bracer
53:46 Hoardings
59:36 Elite Varangian Guard
70:49 Gambesons
72:06 Padded Archer Armor
71:57 Cranequins
72:43 Thumb Ring
74:11 Husbandry
74:21 Bloodlines
74:13 Padded Archer Armor
77:32 Heavy Mounted Crossbowman
80:51 Leather Archer Armor
86:12 Ring Archer Armor
99:23 Gambesons
102:14 Capped Ram
105:45 Siege Ram
109:49 Coinage
114:01 Banking
105er.ahnungslos90
10:45 Feudal Age
14:47 Castle Age
13:50 Double-Bit Axe
13:46 Horse Collar
15:35 Town Watch
16:03 Bow Saw
16:52 Loom
20:43 Stone Mining
22:01 Stone Mining
23:38 Wheelbarrow
23:06 Heavy Plow
28:04 Imperial Age
26:15 Ballistics
25:47 Fletching
27:11 Hand Cart
26:38 Crossbowman
28:22 Thumb Ring
29:50 Chemistry
29:38 Bodkin Arrow
30:14 Arbalester
31:19 Pikeman
31:59 Squires
32:07 Bracer
32:21 Scale Mail Armor
31:42 Man-at-Arms
33:03 Padded Archer Armor
34:28 Forging
34:34 Chain Mail Armor
36:44 Fortified Wall
36:45 Masonry
36:46 Elite Skirmisher
38:20 Paper Money
39:21 Leather Archer Armor
41:19 Halberdier
52:42 Gold Mining
53:44 Siege Engineers
68:58 Caravan
69:33 Ring Archer Armor
70:23 Scale Barding Armor
70:48 Arson
71:34 Plate Mail Armor
73:14 Chain Barding Armor
75:25 Iron Casting
75:33 Plate Barding Armor
74:31 Imperial Skirmisher
75:12 Light Cavalry
75:53 Husbandry
76:09 Bloodlines
79:23 Two-Man Saw
93:23 Coinage
97:56 Guilds
102:20 Capped Ram
114:12 Crop Rotation
Connection lost

Rejoining the realm…

Still unreachable

The connection could not be restored.

Session expired

The server has moved on; the page needs a fresh start.